[ AOE2 MATCH · #482111438 ]
UnrankedBurmese vs Vietnamese
[ REPLAY ANALYSIS · EXTRACTED FROM THE RECORDED GAME ]
Feudal
13:35
Castle
20:59
Imperial
28:52
| APM avg | 27.9 |
| APM peak | 88 |
| eAPM avg | 17.5 |
| Villagers / military | 203 / 134 |
Focus
⚔️ 37.3% · 🌾 62.7%
Arambai ×86 · Spearman ×27 · Trade Cart ×25 · Militia ×11 · Battering Ram ×4 · Trebuchet (Packed) ×3
Feudal
13:35
Castle
17:17
Imperial
23:24
| APM avg | 25.0 |
| APM peak | 64 |
| eAPM avg | 13.7 |
| Villagers / military | 74 / 11 |
Focus
⚔️ 35.3% · 🌾 64.7%
Bombard Cannon ×6 · Monk ×3 · Mangonel ×1 · Hussite Wagon ×1
Feudal
11:39
Castle
15:12
Imperial
31:38
| APM avg | 32.9 |
| APM peak | 58 |
| eAPM avg | 20.4 |
| Villagers / military | 165 / 846 |
Focus
⚔️ 50.5% · 🌾 49.5%
Spearman ×451 · Knight ×271 · Throwing Axeman ×117 · Trebuchet (Packed) ×6 · Monk ×1
Feudal
12:03
Castle
15:47
Imperial
33:17
| APM avg | 50.8 |
| APM peak | 88 |
| eAPM avg | 33.4 |
| Villagers / military | 310 / 596 |
Focus
⚔️ 39.0% · 🌾 61.0%
Spearman ×496 · Knight ×80 · Monk ×11 · Mangonel ×5 · Trebuchet (Packed) ×4
Feudal
11:50
Castle
14:33
Imperial
25:48
| APM avg | 60.9 |
| APM peak | 106 |
| eAPM avg | 40.5 |
| Villagers / military | 190 / 563 |
Focus
⚔️ 42.4% · 🌾 57.6%
Battle Elephant ×365 · Militia ×148 · Battering Ram ×39 · Mangonel ×7 · Monk ×3 · Trade Cart ×2
Feudal
13:27
Castle
17:34
Imperial
35:15
| APM avg | 29.5 |
| APM peak | 734 |
| eAPM avg | 23.0 |
| Villagers / military | 206 / 361 |
Focus
⚔️ 41.5% · 🌾 58.5%
War Wagon ×191 · Scout Cavalry ×120 · Trade Cart ×49 · Knight ×40 · Trebuchet (Packed) ×7 · Monk ×3
Feudal
10:29
Castle
17:20
Imperial
29:37
| APM avg | 47.1 |
| APM peak | 84 |
| eAPM avg | 34.3 |
| Villagers / military | 382 / 844 |
Focus
⚔️ 32.1% · 🌾 67.9%
Spearman ×399 · Eagle Scout ×306 · Skirmisher ×131 · Trebuchet (Packed) ×5 · Battering Ram ×2 · Monk ×1
Feudal
15:21
Castle
22:42
Imperial
60:57
| APM avg | 25.9 |
| APM peak | 51 |
| eAPM avg | 15.1 |
| Villagers / military | 208 / 133 |
Focus
⚔️ 18.7% · 🌾 81.3%
Skirmisher ×45 · Rattan Archer ×40 · Spearman ×35 · Trade Cart ×15 · Trebuchet (Packed) ×7 · Militia ×3
Match map
Initial resources + every placement click. Lines = walls · curves = elevation contours. ◆ gold · ⬟ stone · ● berries · ✦ relic · ◌ wall gap
Your base· ✓ Closed at 20:59 · 25t walls · 3 gate(s)
R.S's base· ✓ Closed at 17:17 · 29t walls · no gate
huanhong's base· ✓ Closed at 15:12 · 17t walls · 1 gate(s)
sherochuan's base· ✓ Closed at 15:47 · 17t walls · no gate
BARBIE-SANTA-KLAUS's base· Open — unwalled flank
xbeb687718's base· Open — unwalled flank
GOD bless you's base· Open — unwalled flank
chifeng0225's base· Open — unwalled flank
Smoothed initial terrain · ◌ = detected wall gap · hover for details
Inputs per minute
— 星馬烈 - - R.S
Build order — 星馬烈
First 150 of 532 actions detected
| 0:01 | Create | Villager (Male) |
| 0:03 | Build | House |
| 0:05 | Build | House |
| 0:07 | Build | House |
| 0:09 | Create | Villager (Male) |
| 0:19 | Create | Villager (Male) |
| 0:19 | Create | Villager (Male) |
| 1:19 | Research | Loom |
| 1:29 | Create | Villager (Male) |
| 1:48 | Create | Villager (Male) |
| 2:33 | Create | Villager (Male) |
| 3:00 | Create | Villager (Male) |
| 3:17 | Build | Lumber Camp |
| 3:18 | Create | Villager (Male) |
| 3:47 | Create | Villager (Male) |
| 4:03 | Create | Villager (Male) |
| 4:42 | Create | Villager (Male) |
| 4:55 | Create | Villager (Male) |
| 4:55 | Create | Villager (Male) |
| 5:25 | Create | Villager (Male) |
| 5:25 | Create | Villager (Male) |
| 5:54 | Build | Barracks |
| 5:59 | Create | Villager (Male) |
| 6:34 | Create | Villager (Male) |
| 6:34 | Create | Villager (Male) |
| 6:52 | Build | House |
| 6:54 | Create | Militia |
| 6:55 | Create | Militia |
| 7:17 | Build | Mill |
| 7:28 | Create | Villager (Male) |
| 7:35 | Build | House |
| 7:51 | Create | Villager (Male) |
| 8:01 | Create | Villager (Male) |
| 8:14 | Build | Palisade Wall |
| 8:35 | Create | Villager (Male) |
| 9:05 | Create | Villager (Male) |
| 9:19 | Build | Palisade Gate |
| 9:21 | Build | House |
| 9:28 | Create | Villager (Male) |
| 10:10 | Create | Villager (Male) |
| 10:11 | Create | Villager (Male) |
| 10:31 | Build | Lumber Camp |
| 10:35 | Build | Palisade Wall |
| 10:49 | Build | Mining Camp |
| 10:55 | Build | Farm |
| 10:56 | Create | Villager (Male) |
| 11:07 | Build | Palisade Wall |
| 11:21 | Create | Villager (Male) |
| 11:22 | Research | Feudal Age |
| 11:53 | Build | Mining Camp |
| 12:12 | Build | Palisade Wall |
| 12:30 | Build | House |
| 12:57 | Create | Villager (Male) |
| 12:57 | Create | Villager (Male) |
| 13:07 | Create | Villager (Male) |
| 13:35 | Age | Feudal Age |
| 13:38 | Build | Market |
| 13:42 | Build | Blacksmith |
| 14:05 | Build | Watch Tower |
| 14:26 | Research | Man-at-Arms (upgrade) |
| 14:33 | Build | House |
| 14:35 | Build | House |
| 14:46 | Create | Villager (Male) |
| 15:09 | Create | Villager (Male) |
| 15:34 | Build | Farm |
| 15:35 | Research | Horse Collar |
| 15:36 | Create | Villager (Male) |
| 15:40 | Build | Farm |
| 15:43 | Build | Farm |
| 15:43 | Build | Farm |
| 15:43 | Build | Farm |
| 16:07 | Create | Villager (Male) |
| 16:09 | Research | Wheelbarrow |
| 16:20 | Build | Farm |
| 16:36 | Build | Outpost |
| 17:54 | Create | Villager (Male) |
| 18:17 | Research | Castle Age |
| 18:50 | Build | Farm |
| 18:53 | Build | Farm |
| 18:57 | Build | Farm |
| 19:09 | Research | Town Watch |
| 20:00 | Build | Palisade Gate |
| 20:01 | Build | House |
| 20:08 | Build | Palisade Gate |
| 20:09 | Build | House |
| 20:59 | Age | Castle Age |
| 21:03 | Build | Castle |
| 21:08 | Build | Siege Workshop |
| 21:15 | Research | Heavy Plow |
| 21:19 | Create | Villager (Male) |
| 21:32 | Build | House |
| 21:34 | Build | House |
| 21:35 | Build | House |
| 21:44 | Create | Villager (Male) |
| 21:45 | Create | Villager (Male) |
| 21:54 | Build | Farm |
| 21:58 | Create | Battering Ram |
| 22:00 | Create | Battering Ram |
| 22:00 | Create | Unit 1105 |
| 22:04 | Build | Monastery |
| 22:18 | Build | Farm |
| 22:30 | Build | Town Center |
| 22:32 | Create | Villager (Male) |
| 22:37 | Create | Arambai |
| 22:46 | Build | Mining Camp |
| 22:49 | Create | Monk |
| 22:51 | Create | Arambai |
| 22:56 | Create | Scorpion |
| 23:09 | Create | Villager (Male) |
| 23:37 | Create | Arambai |
| 23:47 | Create | Arambai |
| 24:03 | Create | Villager (Male) |
| 24:13 | Create | Villager (Male) |
| 24:19 | Create | Arambai |
| 24:28 | Build | Outpost |
| 24:31 | Create | Arambai |
| 24:33 | Create | Villager (Male) |
| 25:42 | Research | Imperial Age |
| 26:03 | Build | University |
| 26:06 | Create | Villager (Male) |
| 26:09 | Create | Villager (Male) |
| 26:17 | Create | Villager (Male) |
| 26:26 | Research | Stone Mining |
| 26:34 | Research | Gold Mining |
| 27:10 | Create | Villager (Male) |
| 27:12 | Create | Villager (Male) |
| 27:48 | Build | Archery Range |
| 27:54 | Research | Padded Archer Armor |
| 27:56 | Create | Villager (Male) |
| 28:08 | Create | Villager (Male) |
| 28:26 | Build | Stable |
| 28:28 | Create | Villager (Male) |
| 28:52 | Age | Imperial Age |
| 28:54 | Create | Trebuchet (Packed) |
| 29:08 | Create | Villager (Male) |
| 29:10 | Create | Villager (Male) |
| 29:20 | Create | Trebuchet (Packed) |
| 29:22 | Create | Villager (Male) |
| 29:29 | Build | Farm |
| 29:32 | Create | Villager (Male) |
| 29:32 | Create | Villager (Male) |
| 29:32 | Create | Villager (Male) |
| 30:01 | Create | Villager (Male) |
| 30:04 | Build | Castle |
| 30:13 | Create | Villager (Male) |
| 30:18 | Create | Villager (Male) |
| 30:26 | Create | Villager (Male) |
| 30:34 | Build | Town Center |
| 30:41 | Create | Villager (Male) |
| 30:52 | Create | Villager (Male) |
Build order — R.S
First 150 of 295 actions detected
| 0:02 | Create | Villager (Male) |
| 0:02 | Create | Villager (Male) |
| 0:03 | Build | House |
| 0:04 | Create | Villager (Male) |
| 0:05 | Build | House |
| 0:06 | Create | Villager (Male) |
| 0:27 | Research | Loom |
| 0:27 | Research | Loom |
| 0:40 | Create | Villager (Male) |
| 0:40 | Create | Villager (Male) |
| 0:51 | Build | Palisade Wall |
| 1:06 | Build | Palisade Wall |
| 1:51 | Create | Villager (Male) |
| 2:35 | Build | House |
| 2:55 | Create | Villager (Male) |
| 3:02 | Build | House |
| 3:10 | Create | Villager (Male) |
| 3:39 | Create | Villager (Male) |
| 3:40 | Create | Villager (Male) |
| 4:19 | Create | Villager (Male) |
| 4:20 | Create | Villager (Male) |
| 4:35 | Build | Palisade Wall |
| 5:01 | Create | Villager (Male) |
| 5:11 | Create | Villager (Male) |
| 5:32 | Build | House |
| 5:49 | Create | Villager (Male) |
| 5:54 | Create | Villager (Male) |
| 6:01 | Create | Villager (Male) |
| 6:16 | Create | Villager (Male) |
| 6:31 | Build | Palisade Wall |
| 6:32 | Create | Villager (Male) |
| 6:57 | Create | Villager (Male) |
| 7:04 | Build | Lumber Camp |
| 7:22 | Build | Palisade Wall |
| 7:25 | Build | Palisade Wall |
| 7:26 | Create | Villager (Male) |
| 7:36 | Create | Villager (Male) |
| 7:43 | Create | Villager (Male) |
| 8:11 | Build | Mill |
| 8:17 | Create | Villager (Male) |
| 8:27 | Build | Palisade Wall |
| 8:30 | Build | Palisade Wall |
| 8:31 | Create | Villager (Male) |
| 8:46 | Build | House |
| 9:00 | Create | Villager (Male) |
| 9:16 | Create | Villager (Male) |
| 9:40 | Create | Villager (Male) |
| 9:42 | Build | Mining Camp |
| 10:02 | Create | Villager (Male) |
| 10:26 | Create | Villager (Male) |
| 11:04 | Research | Feudal Age |
| 11:08 | Build | House |
| 11:55 | Build | Palisade Wall |
| 12:54 | Build | Farm |
| 12:55 | Build | Farm |
| 13:35 | Age | Feudal Age |
| 13:39 | Build | Market |
| 13:41 | Build | Blacksmith |
| 13:44 | Create | Villager (Male) |
| 13:51 | Build | Farm |
| 13:54 | Build | Farm |
| 14:10 | Research | Double-Bit Axe |
| 14:12 | Create | Villager (Male) |
| 14:28 | Research | Castle Age |
| 14:44 | Build | Lumber Camp |
| 14:59 | Build | House |
| 15:21 | Build | Outpost |
| 15:28 | Research | Horse Collar |
| 15:33 | Build | Farm |
| 15:35 | Build | Farm |
| 15:43 | Build | Farm |
| 16:07 | Build | House |
| 16:34 | Build | House |
| 17:11 | Create | Villager (Male) |
| 17:17 | Age | Castle Age |
| 17:18 | Create | Villager (Male) |
| 17:21 | Build | Monastery |
| 17:22 | Create | Villager (Male) |
| 17:39 | Create | Villager (Male) |
| 17:46 | Build | Farm |
| 19:12 | Build | University |
| 19:14 | Create | Monk |
| 19:17 | Create | Villager (Male) |
| 19:19 | Build | Farm |
| 19:40 | Create | Villager (Male) |
| 19:46 | Build | Farm |
| 19:56 | Research | Bow Saw |
| 20:14 | Research | Imperial Age |
| 20:28 | Build | Siege Workshop |
| 21:14 | Research | Heavy Plow |
| 21:14 | Research | Heavy Plow |
| 21:38 | Build | Town Center |
| 22:13 | Create | Mangonel |
| 22:18 | Build | Outpost |
| 22:31 | Build | Farm |
| 22:32 | Build | Farm |
| 22:55 | Build | House |
| 23:24 | Age | Imperial Age |
| 23:39 | Build | Farm |
| 23:53 | Research | Onager (upgrade) |
| 24:01 | Build | Farm |
| 24:02 | Build | Farm |
| 24:04 | Build | Farm |
| 24:19 | Create | Villager (Male) |
| 24:27 | Build | Farm |
| 24:36 | Build | Barracks |
| 24:44 | Create | Villager (Male) |
| 24:45 | Create | Villager (Male) |
| 25:33 | Build | Archery Range |
| 25:45 | Create | Villager (Male) |
| 25:49 | Research | Chemistry |
| 26:15 | Create | Villager (Male) |
| 26:34 | Build | Siege Workshop |
| 26:45 | Create | Villager (Male) |
| 26:46 | Create | Villager (Male) |
| 27:30 | Research | Fervor |
| 27:31 | Research | Sanctity |
| 27:40 | Build | Monastery |
| 28:23 | Build | House |
| 28:43 | Build | Stone Wall |
| 28:49 | Build | Monastery |
| 28:59 | Build | House |
| 29:03 | Build | House |
| 29:21 | Create | Monk |
| 29:25 | Build | Monastery |
| 29:36 | Build | House |
| 29:58 | Build | Stone Wall |
| 30:01 | Build | Stone Wall |
| 30:03 | Build | Stone Wall |
| 30:05 | Build | Stone Wall |
| 30:07 | Build | Stone Wall |
| 30:09 | Build | House |
| 30:13 | Create | Monk |
| 30:29 | Build | Stone Wall |
| 30:37 | Create | Villager (Male) |
| 30:38 | Research | Wheelbarrow |
| 30:44 | Build | Siege Workshop |
| 30:45 | Create | Villager (Male) |
| 30:46 | Create | Villager (Male) |
| 30:52 | Build | Stone Wall |
| 30:54 | Build | Stone Wall |
| 31:04 | Build | Stone Wall |
| 31:17 | Create | Villager (Male) |
| 31:27 | Build | Siege Workshop |
| 31:29 | Create | Bombard Cannon |
| 31:33 | Build | Stone Wall |
| 31:40 | Create | Bombard Cannon |
| 31:44 | Research | Fortified Wall (upgrade) |
| 31:46 | Create | Villager (Male) |
| 31:53 | Build | Stone Wall |
Build order — huanhong
First 150 of 868 actions detected
| 0:02 | Create | Villager (Male) |
| 0:02 | Create | Villager (Male) |
| 0:02 | Create | Villager (Male) |
| 0:04 | Build | House |
| 0:06 | Build | House |
| 0:12 | Create | Villager (Male) |
| 1:30 | Create | Villager (Male) |
| 1:52 | Build | Lumber Camp |
| 2:03 | Create | Villager (Male) |
| 2:21 | Create | Villager (Male) |
| 2:40 | Build | House |
| 2:46 | Build | House |
| 3:04 | Create | Villager (Male) |
| 3:18 | Create | Villager (Male) |
| 3:50 | Create | Villager (Male) |
| 4:14 | Build | Mill |
| 4:15 | Create | Villager (Male) |
| 4:29 | Build | House |
| 4:50 | Research | Loom |
| 5:09 | Build | House |
| 5:14 | Build | House |
| 5:19 | Create | Villager (Male) |
| 5:20 | Create | Villager (Male) |
| 6:08 | Create | Villager (Male) |
| 6:08 | Create | Villager (Male) |
| 6:08 | Create | Villager (Male) |
| 6:08 | Create | Villager (Male) |
| 6:23 | Create | Villager (Male) |
| 7:22 | Create | Villager (Male) |
| 7:22 | Create | Villager (Male) |
| 7:24 | Build | Mining Camp |
| 7:35 | Build | Mining Camp |
| 7:36 | Create | Villager (Male) |
| 7:36 | Create | Villager (Male) |
| 9:22 | Research | Feudal Age |
| 10:06 | Build | Mill |
| 10:31 | Create | Villager (Male) |
| 10:31 | Create | Villager (Male) |
| 11:39 | Age | Feudal Age |
| 11:41 | Build | Market |
| 11:49 | Build | Blacksmith |
| 12:01 | Build | Stone Wall |
| 12:03 | Build | Gate |
| 12:13 | Build | Stone Wall |
| 12:32 | Research | Castle Age |
| 12:45 | Build | Mining Camp |
| 13:11 | Build | Lumber Camp |
| 13:45 | Build | House |
| 13:46 | Build | House |
| 14:11 | Research | Double-Bit Axe |
| 14:33 | Create | Villager (Male) |
| 14:33 | Create | Villager (Male) |
| 15:12 | Age | Castle Age |
| 15:17 | Research | Bow Saw |
| 15:22 | Build | Town Center |
| 15:36 | Create | Villager (Male) |
| 15:40 | Build | Farm |
| 15:53 | Create | Villager (Male) |
| 16:00 | Create | Villager (Male) |
| 16:11 | Build | Town Center |
| 16:17 | Create | Villager (Male) |
| 16:17 | Create | Villager (Male) |
| 16:22 | Build | Farm |
| 16:23 | Build | Farm |
| 16:29 | Create | Villager (Male) |
| 16:34 | Build | Farm |
| 16:39 | Create | Villager (Male) |
| 16:42 | Create | Villager (Male) |
| 16:44 | Create | Villager (Male) |
| 16:46 | Create | Villager (Male) |
| 16:52 | Build | Farm |
| 16:55 | Build | Farm |
| 17:06 | Build | Farm |
| 17:09 | Build | Farm |
| 17:20 | Create | Villager (Male) |
| 17:27 | Build | Farm |
| 17:28 | Build | Farm |
| 17:33 | Build | Farm |
| 17:33 | Create | Villager (Male) |
| 17:39 | Create | Villager (Male) |
| 17:41 | Create | Villager (Male) |
| 17:48 | Create | Villager (Male) |
| 17:52 | Build | Farm |
| 17:53 | Build | Farm |
| 17:59 | Create | Villager (Male) |
| 18:01 | Build | Farm |
| 18:13 | Build | Farm |
| 18:16 | Build | Farm |
| 18:17 | Create | Villager (Male) |
| 18:22 | Build | Farm |
| 18:26 | Create | Villager (Male) |
| 18:26 | Create | Villager (Male) |
| 18:48 | Build | House |
| 18:50 | Create | Villager (Male) |
| 18:52 | Create | Villager (Male) |
| 18:57 | Build | Farm |
| 19:09 | Build | Town Center |
| 19:11 | Create | Villager (Male) |
| 19:18 | Create | Villager (Male) |
| 19:19 | Create | Villager (Male) |
| 19:22 | Build | Farm |
| 19:23 | Build | Farm |
| 19:25 | Create | Villager (Male) |
| 19:25 | Create | Villager (Male) |
| 19:29 | Build | Farm |
| 19:30 | Build | Farm |
| 19:35 | Build | House |
| 19:41 | Create | Villager (Male) |
| 19:47 | Build | Farm |
| 19:48 | Build | Farm |
| 20:05 | Build | Farm |
| 20:06 | Create | Villager (Male) |
| 20:06 | Create | Villager (Male) |
| 20:07 | Build | Farm |
| 20:08 | Create | Villager (Male) |
| 20:19 | Create | Villager (Male) |
| 20:22 | Build | Farm |
| 20:28 | Build | House |
| 20:28 | Build | House |
| 20:31 | Create | Villager (Male) |
| 20:32 | Create | Villager (Male) |
| 20:38 | Create | Villager (Male) |
| 20:43 | Build | Farm |
| 20:44 | Build | Farm |
| 20:45 | Create | Villager (Male) |
| 20:45 | Create | Villager (Male) |
| 20:50 | Build | Farm |
| 20:51 | Build | Farm |
| 20:54 | Build | Farm |
| 20:59 | Create | Villager (Male) |
| 21:03 | Create | Villager (Male) |
| 21:03 | Create | Villager (Male) |
| 21:08 | Build | Farm |
| 21:09 | Build | Farm |
| 21:10 | Create | Villager (Male) |
| 21:13 | Create | Villager (Male) |
| 21:18 | Build | Farm |
| 21:19 | Build | Farm |
| 21:26 | Build | Farm |
| 21:26 | Create | Villager (Male) |
| 21:30 | Build | House |
| 21:31 | Build | House |
| 21:32 | Create | Villager (Male) |
| 21:33 | Create | Villager (Male) |
| 21:40 | Build | Farm |
| 21:40 | Build | Farm |
| 21:44 | Create | Villager (Male) |
| 21:44 | Create | Villager (Male) |
| 21:47 | Build | Farm |
| 21:48 | Create | Villager (Male) |
Build order — sherochuan
First 150 of 1225 actions detected
| 0:04 | Create | Villager (Male) |
| 0:04 | Create | Villager (Male) |
| 0:04 | Create | Villager (Male) |
| 0:25 | Create | Villager (Male) |
| 1:29 | Create | Villager (Male) |
| 2:03 | Create | Villager (Male) |
| 2:48 | Create | Villager (Male) |
| 2:51 | Create | Villager (Male) |
| 3:11 | Build | Lumber Camp |
| 3:19 | Create | Villager (Male) |
| 3:35 | Create | Villager (Male) |
| 4:21 | Create | Villager (Male) |
| 4:21 | Create | Villager (Male) |
| 4:22 | Create | Villager (Male) |
| 4:49 | Create | Villager (Male) |
| 5:16 | Build | Mill |
| 5:24 | Create | Villager (Male) |
| 5:51 | Create | Villager (Male) |
| 5:51 | Create | Villager (Male) |
| 5:54 | Create | Villager (Male) |
| 5:56 | Create | Villager (Male) |
| 6:49 | Build | Mining Camp |
| 6:53 | Create | Villager (Male) |
| 6:55 | Create | Villager (Male) |
| 6:56 | Create | Villager (Male) |
| 6:56 | Create | Villager (Male) |
| 7:09 | Create | Villager (Male) |
| 7:10 | Create | Villager (Male) |
| 7:27 | Create | Villager (Male) |
| 7:28 | Create | Villager (Male) |
| 7:40 | Build | Mill |
| 8:07 | Build | Palisade Wall |
| 9:35 | Research | Feudal Age |
| 9:55 | Build | Mining Camp |
| 11:01 | Create | Villager (Male) |
| 11:02 | Create | Villager (Male) |
| 12:03 | Age | Feudal Age |
| 12:06 | Build | Market |
| 12:09 | Build | Blacksmith |
| 12:26 | Build | Stone Wall |
| 12:43 | Build | Stone Wall |
| 12:56 | Research | Double-Bit Axe |
| 12:56 | Research | Double-Bit Axe |
| 13:07 | Research | Castle Age |
| 13:15 | Build | Farm |
| 13:20 | Build | Farm |
| 13:23 | Build | Farm |
| 14:07 | Build | Farm |
| 14:12 | Build | Farm |
| 14:24 | Research | Horse Collar |
| 14:24 | Research | Horse Collar |
| 15:40 | Create | Villager (Male) |
| 15:41 | Create | Villager (Male) |
| 15:41 | Create | Villager (Male) |
| 15:47 | Age | Castle Age |
| 15:49 | Build | Town Center |
| 15:58 | Build | Town Center |
| 16:02 | Create | Villager (Male) |
| 16:08 | Build | Farm |
| 16:11 | Build | Farm |
| 16:27 | Build | Farm |
| 16:33 | Build | Farm |
| 16:40 | Create | Villager (Male) |
| 16:49 | Create | Villager (Male) |
| 16:49 | Create | Villager (Male) |
| 16:49 | Create | Villager (Male) |
| 16:49 | Create | Villager (Male) |
| 16:55 | Create | Villager (Male) |
| 16:59 | Build | Farm |
| 17:06 | Build | Farm |
| 17:08 | Create | Villager (Male) |
| 17:10 | Build | Farm |
| 17:15 | Create | Villager (Male) |
| 17:15 | Create | Villager (Male) |
| 17:15 | Create | Villager (Male) |
| 17:18 | Create | Villager (Male) |
| 17:21 | Build | Farm |
| 17:28 | Create | Villager (Male) |
| 17:31 | Build | Farm |
| 17:35 | Create | Villager (Male) |
| 17:40 | Build | Farm |
| 17:47 | Create | Villager (Male) |
| 17:55 | Build | Farm |
| 17:57 | Create | Villager (Male) |
| 18:04 | Build | Farm |
| 18:10 | Build | Farm |
| 18:20 | Create | Villager (Male) |
| 18:20 | Create | Villager (Male) |
| 18:22 | Build | Farm |
| 18:23 | Create | Villager (Male) |
| 18:31 | Build | Farm |
| 18:35 | Build | Farm |
| 18:41 | Create | Villager (Male) |
| 18:46 | Build | Farm |
| 18:49 | Create | Villager (Male) |
| 18:53 | Build | Farm |
| 18:55 | Create | Villager (Male) |
| 18:57 | Create | Villager (Male) |
| 19:01 | Build | Farm |
| 19:06 | Build | Farm |
| 19:08 | Create | Villager (Male) |
| 19:16 | Build | Farm |
| 19:24 | Create | Villager (Male) |
| 19:27 | Build | Farm |
| 19:30 | Create | Villager (Male) |
| 19:30 | Create | Villager (Male) |
| 19:38 | Build | Farm |
| 19:40 | Research | Heavy Plow |
| 19:40 | Research | Heavy Plow |
| 19:50 | Build | Farm |
| 19:53 | Create | Villager (Male) |
| 20:00 | Research | Gold Mining |
| 20:00 | Research | Gold Mining |
| 20:09 | Create | Villager (Male) |
| 20:15 | Build | Farm |
| 20:17 | Create | Villager (Male) |
| 20:20 | Create | Villager (Male) |
| 20:26 | Build | Barracks |
| 20:57 | Research | Wheelbarrow |
| 21:01 | Create | Villager (Male) |
| 21:02 | Create | Villager (Male) |
| 21:04 | Research | Gold Shaft Mining |
| 21:05 | Research | Gold Shaft Mining |
| 21:07 | Create | Villager (Male) |
| 21:08 | Create | Villager (Male) |
| 21:20 | Research | Bow Saw |
| 21:20 | Research | Bow Saw |
| 21:22 | Create | Villager (Male) |
| 21:26 | Build | Farm |
| 21:29 | Build | Farm |
| 21:57 | Build | Mining Camp |
| 22:05 | Create | Villager (Male) |
| 22:05 | Create | Villager (Male) |
| 22:15 | Build | Stable |
| 22:20 | Build | Stable |
| 22:23 | Research | Forging |
| 22:24 | Research | Scale Barding Armor |
| 22:28 | Create | Villager (Male) |
| 22:29 | Create | Villager (Male) |
| 22:29 | Create | Villager (Male) |
| 22:33 | Create | Villager (Male) |
| 22:33 | Create | Villager (Male) |
| 22:33 | Create | Villager (Male) |
| 22:38 | Create | Villager (Male) |
| 22:39 | Create | Villager (Male) |
| 22:39 | Create | Villager (Male) |
| 22:42 | Build | Mining Camp |
| 22:52 | Create | Knight |
| 22:52 | Create | Knight |
| 22:57 | Build | Stable |
Build order — BARBIE-SANTA-KLAUS
First 150 of 1128 actions detected
| 0:02 | Create | Villager (Male) |
| 0:02 | Create | Villager (Male) |
| 0:02 | Create | Villager (Male) |
| 0:03 | Build | House |
| 0:04 | Build | House |
| 0:18 | Create | Villager (Male) |
| 0:19 | Create | Villager (Male) |
| 1:11 | Create | Villager (Male) |
| 1:12 | Create | Villager (Male) |
| 1:50 | Build | Lumber Camp |
| 2:03 | Create | Villager (Male) |
| 2:03 | Create | Villager (Male) |
| 2:04 | Create | Villager (Male) |
| 2:27 | Create | Villager (Male) |
| 2:28 | Create | Villager (Male) |
| 3:00 | Create | Villager (Male) |
| 3:00 | Create | Villager (Male) |
| 3:01 | Create | Villager (Male) |
| 3:32 | Build | House |
| 3:52 | Create | Villager (Male) |
| 3:52 | Create | Villager (Male) |
| 4:02 | Create | Villager (Male) |
| 4:03 | Create | Villager (Male) |
| 4:12 | Research | Loom |
| 4:13 | Create | Villager (Male) |
| 4:26 | Build | House |
| 4:37 | Create | Villager (Male) |
| 4:37 | Create | Villager (Male) |
| 4:47 | Build | Mill |
| 4:52 | Create | Villager (Male) |
| 4:53 | Create | Villager (Male) |
| 5:15 | Create | Villager (Male) |
| 5:15 | Create | Villager (Male) |
| 5:35 | Create | Villager (Male) |
| 5:52 | Research | Loom |
| 5:52 | Research | Loom |
| 5:53 | Create | Villager (Male) |
| 5:53 | Create | Villager (Male) |
| 5:53 | Create | Villager (Male) |
| 6:24 | Create | Villager (Male) |
| 6:24 | Create | Villager (Male) |
| 6:25 | Create | Villager (Male) |
| 6:56 | Create | Villager (Male) |
| 6:56 | Create | Villager (Male) |
| 7:19 | Create | Villager (Male) |
| 7:20 | Create | Villager (Male) |
| 8:00 | Create | Villager (Male) |
| 8:06 | Create | Villager (Male) |
| 8:09 | Build | House |
| 8:09 | Build | House |
| 8:10 | Build | House |
| 8:12 | Create | Villager (Male) |
| 8:43 | Create | Villager (Male) |
| 8:58 | Create | Villager (Male) |
| 9:54 | Build | Mining Camp |
| 10:09 | Build | Mill |
| 10:28 | Research | Feudal Age |
| 10:28 | Research | Feudal Age |
| 11:09 | Create | Villager (Male) |
| 11:09 | Create | Villager (Male) |
| 11:12 | Create | Villager (Male) |
| 11:12 | Create | Villager (Male) |
| 11:50 | Age | Feudal Age |
| 11:56 | Build | Market |
| 11:58 | Build | Blacksmith |
| 12:57 | Research | Castle Age |
| 12:57 | Research | Castle Age |
| 13:10 | Research | Double-Bit Axe |
| 13:10 | Research | Double-Bit Axe |
| 13:25 | Research | Gold Mining |
| 13:25 | Research | Gold Mining |
| 13:26 | Research | Horse Collar |
| 13:26 | Research | Horse Collar |
| 13:26 | Research | Horse Collar |
| 13:55 | Build | House |
| 13:55 | Build | House |
| 13:55 | Build | House |
| 13:56 | Build | House |
| 13:56 | Build | House |
| 13:56 | Build | House |
| 14:03 | Build | Farm |
| 14:04 | Build | Farm |
| 14:05 | Build | Farm |
| 14:06 | Build | Farm |
| 14:22 | Create | Villager (Male) |
| 14:33 | Age | Castle Age |
| 14:36 | Build | Town Center |
| 14:45 | Create | Villager (Male) |
| 14:54 | Research | Bow Saw |
| 14:54 | Research | Bow Saw |
| 15:10 | Create | Villager (Male) |
| 15:29 | Create | Villager (Male) |
| 15:31 | Research | Heavy Plow |
| 15:31 | Research | Heavy Plow |
| 15:31 | Research | Heavy Plow |
| 15:33 | Create | Villager (Male) |
| 15:54 | Build | Farm |
| 15:54 | Build | Farm |
| 16:05 | Build | Farm |
| 16:16 | Build | Farm |
| 16:18 | Create | Villager (Male) |
| 16:18 | Create | Villager (Male) |
| 16:23 | Build | Farm |
| 16:25 | Build | Farm |
| 16:27 | Create | Villager (Male) |
| 16:35 | Create | Villager (Male) |
| 16:51 | Create | Villager (Male) |
| 16:54 | Create | Villager (Male) |
| 17:10 | Build | Town Center |
| 17:21 | Create | Villager (Male) |
| 17:23 | Create | Villager (Male) |
| 17:24 | Create | Villager (Male) |
| 17:31 | Research | Wheelbarrow |
| 17:32 | Research | Wheelbarrow |
| 17:42 | Build | Farm |
| 17:44 | Build | Farm |
| 18:26 | Create | Villager (Male) |
| 18:26 | Create | Villager (Male) |
| 18:27 | Create | Villager (Male) |
| 18:27 | Create | Villager (Male) |
| 18:31 | Build | Farm |
| 18:32 | Build | Farm |
| 18:32 | Build | Farm |
| 18:33 | Build | Farm |
| 18:35 | Build | Farm |
| 18:49 | Create | Villager (Male) |
| 18:49 | Create | Villager (Male) |
| 18:50 | Create | Villager (Male) |
| 18:54 | Build | Farm |
| 19:02 | Build | Farm |
| 19:03 | Build | Farm |
| 19:03 | Build | Farm |
| 19:11 | Build | Farm |
| 19:14 | Build | Farm |
| 19:15 | Build | Farm |
| 19:16 | Create | Villager (Male) |
| 19:16 | Create | Villager (Male) |
| 19:16 | Create | Villager (Male) |
| 19:17 | Create | Villager (Male) |
| 19:40 | Build | House |
| 19:40 | Build | House |
| 19:40 | Build | House |
| 19:41 | Build | House |
| 20:03 | Build | Town Center |
| 20:12 | Create | Villager (Male) |
| 20:12 | Create | Villager (Male) |
| 20:12 | Create | Villager (Male) |
| 20:13 | Create | Villager (Male) |
| 20:13 | Create | Villager (Male) |
| 20:20 | Build | Lumber Camp |
Build order — xbeb687718
First 150 of 498 actions detected
| 0:03 | Build | House |
| 0:08 | Create | Villager (Male) |
| 0:08 | Create | Villager (Male) |
| 0:18 | Create | Villager (Male) |
| 0:18 | Create | Villager (Male) |
| 1:32 | Build | House |
| 1:39 | Create | Villager (Male) |
| 1:39 | Create | Villager (Male) |
| 2:03 | Research | Loom |
| 2:23 | Create | Villager (Male) |
| 2:23 | Create | Villager (Male) |
| 2:49 | Build | Palisade Wall |
| 3:17 | Build | Palisade Wall |
| 3:26 | Create | Villager (Male) |
| 3:26 | Create | Villager (Male) |
| 4:08 | Create | Villager (Male) |
| 4:08 | Create | Villager (Male) |
| 4:39 | Create | Villager (Male) |
| 4:39 | Create | Villager (Male) |
| 5:06 | Build | House |
| 5:08 | Build | House |
| 5:11 | Build | House |
| 5:13 | Build | Palisade Wall |
| 5:18 | Create | Villager (Male) |
| 5:19 | Create | Villager (Male) |
| 5:58 | Create | Villager (Male) |
| 6:14 | Create | Villager (Male) |
| 6:40 | Create | Villager (Male) |
| 7:03 | Create | Villager (Male) |
| 7:50 | Create | Villager (Male) |
| 7:51 | Create | Villager (Male) |
| 7:51 | Create | Villager (Male) |
| 8:16 | Create | Villager (Male) |
| 8:25 | Build | Mill |
| 9:04 | Create | Villager (Male) |
| 9:29 | Create | Villager (Male) |
| 9:49 | Create | Villager (Male) |
| 10:19 | Create | Villager (Male) |
| 10:42 | Create | Villager (Male) |
| 10:53 | Build | Lumber Camp |
| 11:17 | Research | Feudal Age |
| 11:17 | Research | Feudal Age |
| 11:18 | Research | Feudal Age |
| 12:41 | Build | Mining Camp |
| 13:05 | Create | Villager (Male) |
| 13:27 | Age | Feudal Age |
| 13:31 | Build | Market |
| 13:59 | Create | Villager (Male) |
| 14:15 | Build | Blacksmith |
| 14:26 | Create | Villager (Male) |
| 14:54 | Research | Castle Age |
| 14:54 | Research | Castle Age |
| 15:05 | Build | Stone Wall |
| 15:18 | Build | Stone Wall |
| 15:44 | Research | Double-Bit Axe |
| 16:54 | Build | Mining Camp |
| 17:30 | Create | Villager (Male) |
| 17:34 | Age | Castle Age |
| 17:38 | Build | Town Center |
| 17:48 | Create | Villager (Male) |
| 18:06 | Build | House |
| 18:10 | Build | Farm |
| 18:12 | Build | Farm |
| 18:13 | Build | Farm |
| 18:20 | Build | Monastery |
| 18:38 | Build | Town Center |
| 18:42 | Create | Villager (Male) |
| 19:05 | Create | Villager (Male) |
| 19:07 | Create | Villager (Male) |
| 19:11 | Build | House |
| 19:13 | Build | House |
| 19:20 | Build | Town Center |
| 19:21 | Create | Villager (Male) |
| 19:29 | Build | Farm |
| 19:30 | Build | Farm |
| 19:47 | Build | House |
| 19:48 | Build | House |
| 19:54 | Create | Villager (Male) |
| 20:00 | Build | Farm |
| 20:07 | Build | Farm |
| 20:09 | Build | Farm |
| 20:11 | Build | Farm |
| 21:33 | Build | Farm |
| 21:33 | Build | Farm |
| 21:33 | Create | Monk |
| 21:33 | Build | Farm |
| 21:33 | Build | Farm |
| 21:34 | Build | Farm |
| 21:43 | Create | Villager (Male) |
| 21:45 | Build | Farm |
| 21:46 | Build | Farm |
| 21:47 | Build | Farm |
| 21:49 | Create | Villager (Male) |
| 21:51 | Build | Farm |
| 21:58 | Create | Villager (Male) |
| 21:59 | Create | Villager (Male) |
| 21:59 | Create | Villager (Male) |
| 21:59 | Create | Villager (Male) |
| 22:00 | Create | Villager (Male) |
| 22:00 | Create | Villager (Male) |
| 22:04 | Build | House |
| 22:05 | Build | House |
| 22:06 | Build | House |
| 22:10 | Create | Villager (Male) |
| 22:12 | Build | Farm |
| 22:13 | Build | Farm |
| 22:49 | Create | Villager (Male) |
| 22:50 | Create | Villager (Male) |
| 22:50 | Create | Villager (Male) |
| 22:50 | Create | Villager (Male) |
| 22:59 | Create | Villager (Male) |
| 23:02 | Create | Monk |
| 23:11 | Build | House |
| 23:12 | Build | House |
| 23:13 | Build | House |
| 23:15 | Build | House |
| 23:16 | Build | House |
| 23:17 | Build | House |
| 23:19 | Create | Villager (Male) |
| 23:19 | Create | Villager (Male) |
| 23:21 | Create | Villager (Male) |
| 23:26 | Build | Farm |
| 23:28 | Build | Farm |
| 23:36 | Build | Farm |
| 23:38 | Create | Villager (Male) |
| 23:40 | Create | Villager (Male) |
| 24:08 | Create | Villager (Male) |
| 24:09 | Create | Villager (Male) |
| 24:10 | Create | Villager (Male) |
| 24:24 | Create | Villager (Male) |
| 24:29 | Create | Villager (Male) |
| 24:29 | Create | Villager (Male) |
| 24:30 | Create | Villager (Male) |
| 24:30 | Create | Villager (Male) |
| 24:38 | Build | Farm |
| 24:39 | Build | Farm |
| 24:42 | Build | Farm |
| 24:44 | Build | Farm |
| 24:45 | Build | Farm |
| 24:47 | Build | Farm |
| 24:52 | Build | Farm |
| 24:53 | Build | Farm |
| 24:54 | Build | Farm |
| 25:08 | Create | Villager (Male) |
| 25:09 | Create | Villager (Male) |
| 25:10 | Create | Villager (Male) |
| 25:48 | Create | Villager (Male) |
| 25:48 | Create | Villager (Male) |
| 25:50 | Create | Villager (Male) |
| 26:04 | Build | Outpost |
Build order — GOD bless you
First 150 of 1142 actions detected
| 0:01 | Create | Villager (Male) |
| 0:01 | Create | Villager (Male) |
| 0:01 | Create | Villager (Male) |
| 0:02 | Create | Villager (Male) |
| 0:02 | Create | Villager (Male) |
| 0:05 | Build | House |
| 0:32 | Research | Loom |
| 0:33 | Create | Villager (Male) |
| 0:33 | Create | Villager (Male) |
| 0:33 | Create | Villager (Male) |
| 1:15 | Create | Villager (Male) |
| 1:48 | Build | House |
| 2:16 | Create | Villager (Male) |
| 2:16 | Create | Villager (Male) |
| 2:16 | Create | Villager (Male) |
| 2:46 | Create | Villager (Male) |
| 3:36 | Build | Lumber Camp |
| 3:54 | Create | Villager (Male) |
| 3:55 | Create | Villager (Male) |
| 4:19 | Build | House |
| 4:59 | Create | Villager (Male) |
| 4:59 | Create | Villager (Male) |
| 5:00 | Create | Villager (Male) |
| 5:00 | Create | Villager (Male) |
| 5:01 | Create | Villager (Male) |
| 5:06 | Create | Villager (Male) |
| 5:31 | Create | Villager (Male) |
| 5:58 | Build | Mill |
| 6:03 | Create | Villager (Male) |
| 6:03 | Create | Villager (Male) |
| 6:12 | Build | House |
| 6:49 | Create | Villager (Male) |
| 7:39 | Create | Villager (Male) |
| 7:48 | Create | Villager (Male) |
| 7:48 | Create | Villager (Male) |
| 7:48 | Create | Villager (Male) |
| 7:48 | Create | Villager (Male) |
| 7:57 | Create | Villager (Male) |
| 7:58 | Create | Villager (Male) |
| 7:58 | Create | Villager (Male) |
| 8:03 | Create | Villager (Male) |
| 8:16 | Research | Feudal Age |
| 8:27 | Build | Mining Camp |
| 8:55 | Create | Villager (Male) |
| 8:55 | Create | Villager (Male) |
| 9:03 | Create | Villager (Male) |
| 10:24 | Create | Villager (Male) |
| 10:24 | Create | Villager (Male) |
| 10:29 | Age | Feudal Age |
| 10:34 | Build | Market |
| 10:44 | Build | Blacksmith |
| 11:17 | Create | Villager (Male) |
| 11:18 | Create | Villager (Male) |
| 11:19 | Create | Villager (Male) |
| 11:19 | Create | Villager (Male) |
| 11:19 | Create | Villager (Male) |
| 11:20 | Create | Villager (Male) |
| 11:20 | Create | Villager (Male) |
| 11:25 | Build | House |
| 11:26 | Create | Villager (Male) |
| 11:26 | Create | Villager (Male) |
| 11:26 | Create | Villager (Male) |
| 11:48 | Create | Villager (Male) |
| 11:48 | Create | Villager (Male) |
| 12:05 | Create | Villager (Male) |
| 12:08 | Create | Villager (Male) |
| 12:09 | Create | Villager (Male) |
| 12:50 | Create | Villager (Male) |
| 12:59 | Build | House |
| 13:06 | Build | Farm |
| 13:22 | Create | Villager (Male) |
| 13:37 | Build | Farm |
| 13:41 | Create | Villager (Male) |
| 13:41 | Create | Villager (Male) |
| 13:42 | Create | Villager (Male) |
| 13:44 | Create | Villager (Male) |
| 13:45 | Create | Villager (Male) |
| 13:45 | Create | Villager (Male) |
| 13:48 | Create | Villager (Male) |
| 13:48 | Create | Villager (Male) |
| 14:23 | Build | Farm |
| 14:40 | Research | Castle Age |
| 14:51 | Build | Lumber Camp |
| 15:09 | Create | Villager (Male) |
| 15:21 | Create | Villager (Male) |
| 15:21 | Create | Villager (Male) |
| 15:32 | Research | Horse Collar |
| 15:44 | Create | Villager (Male) |
| 16:13 | Research | Double-Bit Axe |
| 16:14 | Create | Villager (Male) |
| 16:38 | Create | Villager (Male) |
| 16:59 | Create | Villager (Male) |
| 17:20 | Age | Castle Age |
| 17:23 | Build | Town Center |
| 17:32 | Build | Farm |
| 17:33 | Build | Farm |
| 17:34 | Build | Farm |
| 17:35 | Build | Farm |
| 17:37 | Build | Farm |
| 17:44 | Create | Villager (Male) |
| 17:44 | Create | Villager (Male) |
| 18:07 | Build | House |
| 18:07 | Create | Villager (Male) |
| 18:19 | Create | Villager (Male) |
| 18:19 | Create | Villager (Male) |
| 18:20 | Create | Villager (Male) |
| 18:36 | Create | Villager (Male) |
| 18:36 | Create | Villager (Male) |
| 18:48 | Create | Villager (Male) |
| 19:01 | Build | House |
| 19:02 | Build | House |
| 19:02 | Build | House |
| 19:03 | Create | Villager (Male) |
| 19:03 | Create | Villager (Male) |
| 19:04 | Create | Villager (Male) |
| 19:04 | Create | Villager (Male) |
| 19:07 | Create | Villager (Male) |
| 19:08 | Create | Villager (Male) |
| 19:08 | Create | Villager (Male) |
| 19:14 | Build | Town Center |
| 19:20 | Research | Heavy Plow |
| 19:28 | Create | Villager (Male) |
| 19:28 | Create | Villager (Male) |
| 19:32 | Create | Villager (Male) |
| 19:32 | Create | Villager (Male) |
| 19:41 | Build | Farm |
| 19:54 | Create | Villager (Male) |
| 19:55 | Create | Villager (Male) |
| 20:00 | Build | Farm |
| 20:06 | Build | House |
| 20:08 | Build | House |
| 20:12 | Create | Villager (Male) |
| 20:28 | Create | Villager (Male) |
| 20:37 | Build | Farm |
| 20:38 | Build | Farm |
| 20:38 | Build | Farm |
| 20:38 | Build | Farm |
| 20:38 | Build | Farm |
| 20:46 | Create | Villager (Male) |
| 20:46 | Create | Villager (Male) |
| 21:03 | Create | Villager (Male) |
| 21:09 | Build | Farm |
| 21:10 | Build | Farm |
| 21:10 | Build | Farm |
| 21:10 | Build | Farm |
| 21:10 | Build | Farm |
| 21:17 | Create | Villager (Male) |
| 21:23 | Build | House |
| 21:32 | Build | Monastery |
| 21:34 | Create | Villager (Male) |
Build order — chifeng0225
First 150 of 538 actions detected
| 0:02 | Create | Villager (Male) ×4 |
| 0:06 | Build | House |
| 0:10 | Build | House |
| 0:56 | Research | Loom |
| 1:28 | Create | Villager (Male) |
| 2:07 | Create | Villager (Male) |
| 2:37 | Build | Palisade Wall |
| 2:45 | Create | Villager (Male) |
| 3:06 | Create | Villager (Male) |
| 3:06 | Create | Villager (Male) |
| 3:44 | Create | Villager (Male) |
| 3:45 | Create | Villager (Male) |
| 4:07 | Build | Palisade Wall |
| 4:18 | Create | Villager (Male) ×2 |
| 4:25 | Build | House |
| 5:24 | Build | Lumber Camp |
| 5:25 | Create | Villager (Male) ×2 |
| 5:26 | Create | Villager (Male) ×2 |
| 5:41 | Create | Villager (Male) |
| 5:42 | Create | Villager (Male) |
| 6:39 | Create | Villager (Male) |
| 7:37 | Create | Villager (Male) |
| 7:37 | Create | Villager (Male) |
| 8:05 | Create | Villager (Male) ×5 |
| 8:15 | Build | House |
| 8:15 | Build | House |
| 9:09 | Build | Palisade Wall |
| 9:17 | Build | Palisade Wall |
| 9:33 | Build | Mill |
| 9:53 | Create | Villager (Male) |
| 9:54 | Create | Villager (Male) |
| 10:00 | Build | Mill |
| 10:50 | Create | Villager (Male) |
| 10:50 | Create | Villager (Male) |
| 11:08 | Build | Barracks |
| 11:35 | Build | House |
| 11:44 | Create | Villager (Male) |
| 11:53 | Create | Militia |
| 11:53 | Create | Militia |
| 12:15 | Build | Palisade Wall |
| 12:22 | Build | House |
| 12:27 | Create | Villager (Male) |
| 12:32 | Build | Mining Camp |
| 12:54 | Build | House |
| 13:11 | Research | Feudal Age |
| 13:11 | Research | Feudal Age |
| 13:33 | Create | Militia |
| 14:00 | Build | House |
| 14:59 | Create | Villager (Male) |
| 15:00 | Create | Villager (Male) |
| 15:00 | Create | Villager (Male) |
| 15:21 | Age | Feudal Age |
| 15:28 | Build | Stone Wall |
| 15:50 | Build | Stone Wall |
| 16:30 | Build | Stone Wall |
| 17:01 | Build | Stone Wall |
| 17:10 | Create | Villager (Male) |
| 17:11 | Create | Villager (Male) |
| 17:11 | Create | Villager (Male) |
| 17:11 | Create | Villager (Male) |
| 18:10 | Build | Mining Camp |
| 18:16 | Build | Blacksmith |
| 18:21 | Build | Archery Range |
| 18:23 | Create | Villager (Male) |
| 18:24 | Create | Villager (Male) |
| 18:27 | Research | Horse Collar |
| 18:31 | Research | Double-Bit Axe |
| 18:43 | Build | Stone Wall |
| 19:05 | Build | Market |
| 19:31 | Build | Stone Wall |
| 20:02 | Research | Castle Age |
| 20:17 | Build | Stone Wall |
| 20:34 | Build | Farm |
| 20:34 | Build | Farm |
| 20:35 | Build | Farm |
| 20:35 | Build | Farm |
| 20:35 | Build | Farm |
| 20:36 | Build | Farm |
| 20:36 | Build | Farm |
| 20:36 | Build | Farm |
| 20:37 | Build | Farm |
| 20:38 | Build | Farm |
| 21:29 | Build | Farm |
| 21:33 | Build | Farm |
| 22:20 | Research | Stone Mining |
| 22:42 | Age | Castle Age |
| 22:43 | Research | Gold Mining |
| 23:04 | Build | Castle |
| 23:10 | Create | Villager (Male) |
| 23:10 | Create | Villager (Male) |
| 23:10 | Create | Villager (Male) |
| 23:22 | Build | Siege Workshop |
| 23:26 | Create | Villager (Male) |
| 23:36 | Create | Villager (Male) |
| 24:27 | Create | Rattan Archer |
| 24:27 | Create | Rattan Archer |
| 24:28 | Create | Rattan Archer |
| 25:10 | Research | Fletching |
| 25:10 | Research | Fletching |
| 25:12 | Create | Villager (Male) |
| 25:49 | Create | Villager (Male) |
| 25:50 | Create | Villager (Male) |
| 25:52 | Create | Rattan Archer |
| 25:52 | Create | Rattan Archer |
| 26:14 | Create | Rattan Archer |
| 26:33 | Create | Rattan Archer |
| 27:16 | Build | Town Center |
| 27:26 | Create | Villager (Male) |
| 27:26 | Create | Villager (Male) |
| 27:29 | Create | Rattan Archer |
| 27:30 | Create | Rattan Archer |
| 28:20 | Build | University |
| 28:27 | Create | Villager (Male) |
| 28:27 | Create | Villager (Male) |
| 28:27 | Create | Villager (Male) |
| 28:47 | Build | Town Center |
| 28:52 | Create | Villager (Male) |
| 28:53 | Create | Villager (Male) |
| 29:00 | Create | Battering Ram |
| 29:00 | Create | Battering Ram |
| 29:19 | Create | Rattan Archer |
| 29:19 | Create | Rattan Archer |
| 29:19 | Create | Rattan Archer |
| 29:20 | Create | Rattan Archer |
| 30:23 | Create | Villager (Male) |
| 30:23 | Create | Villager (Male) |
| 30:23 | Create | Villager (Male) |
| 30:26 | Create | Villager (Male) |
| 30:39 | Create | Villager (Male) |
| 30:39 | Create | Villager (Male) |
| 30:49 | Build | Farm |
| 30:50 | Build | Farm |
| 30:51 | Build | Farm |
| 31:25 | Create | Villager (Male) |
| 31:26 | Create | Villager (Male) |
| 32:07 | Create | Villager (Male) |
| 32:07 | Create | Villager (Male) |
| 33:43 | Build | Mining Camp |
| 33:50 | Build | Stone Wall |
| 34:22 | Build | Town Center |
| 35:13 | Build | Lumber Camp |
| 35:42 | Research | Bow Saw |
| 36:41 | Build | Town Center |
| 39:23 | Create | Villager (Male) |
| 39:23 | Create | Villager (Male) |
| 39:23 | Create | Villager (Male) |
| 39:24 | Create | Villager (Male) |
| 39:24 | Create | Villager (Male) |
| 39:24 | Create | Villager (Male) |
| 39:24 | Create | Villager (Male) |
Match timeline
| 0:51 | R.S · wall_segment Palisade Wall x4 |
| 1:06 | R.S · wall_segment Palisade Wall x3 |
| 2:37 | chifeng0225 · wall_segment Palisade Wall x10 |
| 2:49 | xbeb687718 · wall_segment Palisade Wall x6 |
| 3:17 | xbeb687718 · wall_segment Palisade Wall x7 |
| 4:07 | chifeng0225 · wall_segment Palisade Wall x17 |
| 4:35 | R.S · wall_segment Palisade Wall x5 |
| 5:13 | xbeb687718 · wall_segment Palisade Wall x1 |
| 5:54 | 星馬烈 · first_building Barracks |
| 6:31 | R.S · wall_segment Palisade Wall x1 |
| 7:22 | R.S · wall_segment Palisade Wall x3 |
| 7:25 | R.S · wall_segment Palisade Wall x4 |
| 8:07 | sherochuan · wall_segment Palisade Wall x8 |
| 8:14 | 星馬烈 · wall_segment Palisade Wall x6 |
| 8:27 | R.S · wall_segment Palisade Wall x2 |
| 8:30 | R.S · wall_segment Palisade Wall x1 |
| 9:09 | chifeng0225 · wall_segment Palisade Wall x1 |
| 9:17 | chifeng0225 · wall_segment Palisade Wall x3 |
| 10:29 | GOD bless you · age_up feudal |
| 10:35 | 星馬烈 · wall_segment Palisade Wall x1 |
| 11:07 | 星馬烈 · wall_segment Palisade Wall x10 |
| 11:08 | chifeng0225 · first_building Barracks |
| 11:39 | huanhong · age_up feudal |
| 11:50 | BARBIE-SANTA-KLAUS · age_up feudal |
| 11:55 | R.S · wall_segment Palisade Wall x7 |
| 12:01 | huanhong · wall_segment Stone Wall x8 |
| 12:03 | sherochuan · age_up feudal |
| 12:12 | 星馬烈 · wall_segment Palisade Wall x8 |
| 12:13 | huanhong · wall_segment Stone Wall x9 |
| 12:15 | chifeng0225 · wall_segment Palisade Wall x5 |
| 12:26 | sherochuan · wall_segment Stone Wall x8 |
| 12:43 | sherochuan · wall_segment Stone Wall x1 |
| 13:27 | xbeb687718 · age_up feudal |
| 13:35 | R.S · age_up feudal |
| 13:35 | 星馬烈 · age_up feudal |
| 14:33 | BARBIE-SANTA-KLAUS · age_up castle |
| 15:05 | xbeb687718 · wall_segment Stone Wall x7 |
| 15:12 | huanhong · age_up castle |
| 15:14 | BARBIE-SANTA-KLAUS · first_market_buy 100 food |
| 15:18 | xbeb687718 · wall_segment Stone Wall x6 |
| 15:21 | chifeng0225 · age_up feudal |
| 15:28 | chifeng0225 · wall_segment Stone Wall x12 |
| 15:47 | sherochuan · age_up castle |
| 15:50 | chifeng0225 · wall_segment Stone Wall x4 |
| 16:30 | chifeng0225 · wall_segment Stone Wall x1 |
| 17:01 | chifeng0225 · wall_segment Stone Wall x6 |
| 17:17 | R.S · age_up castle |
| 17:20 | GOD bless you · age_up castle |
| 17:21 | R.S · first_building Monastery |
| 17:34 | xbeb687718 · age_up castle |
| 18:08 | 星馬烈 · first_market_buy 100 food |
| 18:11 | 星馬烈 · first_market_sell 100 stone |
| 18:20 | xbeb687718 · first_building Monastery |
| 18:21 | chifeng0225 · first_building Archery Range |
| 18:43 | chifeng0225 · wall_segment Stone Wall x11 |
| 19:31 | chifeng0225 · wall_segment Stone Wall x6 |
| 19:54 | chifeng0225 · first_market_buy 100 wood |
| 19:58 | chifeng0225 · first_market_sell 100 wood |
| 20:17 | chifeng0225 · wall_segment Stone Wall x11 |
| 20:26 | sherochuan · first_building Barracks |
| 20:28 | R.S · first_building Siege Workshop |
| 20:59 | 星馬烈 · age_up castle |
| 21:03 | 星馬烈 · first_building Castle |
| 21:08 | 星馬烈 · first_building Siege Workshop |
| 21:32 | GOD bless you · first_building Monastery |
| 21:33 | BARBIE-SANTA-KLAUS · first_building Monastery |
| 22:04 | 星馬烈 · first_building Monastery |
| 22:15 | sherochuan · first_building Stable |
| 22:42 | chifeng0225 · age_up castle |
| 22:54 | huanhong · first_building Monastery |
| 23:04 | chifeng0225 · first_building Castle |
| 23:13 | R.S · first_market_sell 100 wood |
| 23:22 | chifeng0225 · first_building Siege Workshop |
| 23:24 | R.S · age_up imperial |
| 23:35 | GOD bless you · wall_segment Stone Wall x7 |
| 23:36 | GOD bless you · wall_segment Stone Wall x2 |
| 24:09 | BARBIE-SANTA-KLAUS · first_building Barracks |
| 24:21 | GOD bless you · first_building Castle |
| 24:36 | R.S · first_building Barracks |
| 25:01 | BARBIE-SANTA-KLAUS · first_building Stable |
| 25:33 | R.S · first_building Archery Range |
| 25:48 | BARBIE-SANTA-KLAUS · age_up imperial |
| 26:18 | xbeb687718 · first_building Castle |
| 26:23 | GOD bless you · first_market_buy 100 food |
| 26:38 | huanhong · first_building Barracks |
| 26:45 | BARBIE-SANTA-KLAUS · wall_segment Stone Wall x12 |
| 27:25 | GOD bless you · first_building Barracks |
| 27:44 | huanhong · first_building Stable |
| 27:48 | 星馬烈 · first_building Archery Range |
| 28:26 | 星馬烈 · first_building Stable |
| 28:43 | R.S · wall_segment Stone Wall x1 |
| 28:52 | 星馬烈 · age_up imperial |
| 29:08 | sherochuan · first_building Monastery |
| 29:25 | BARBIE-SANTA-KLAUS · first_building Siege Workshop |
| 29:37 | GOD bless you · age_up imperial |
| 29:54 | sherochuan · first_market_sell 100 food |
| 29:58 | R.S · wall_segment Stone Wall x1 |
| 30:01 | R.S · wall_segment Stone Wall x1 |
| 30:03 | R.S · wall_segment Stone Wall x1 |
| 30:05 | R.S · wall_segment Stone Wall x1 |
| 30:07 | R.S · wall_segment Stone Wall x1 |
| 30:15 | GOD bless you · first_market_sell 500 wood |
| 30:29 | R.S · wall_segment Stone Wall x5 |
| 30:52 | R.S · wall_segment Stone Wall x2 |
| 30:54 | R.S · wall_segment Stone Wall x5 |
| 31:04 | R.S · wall_segment Stone Wall x1 |
| 31:30 | xbeb687718 · wall_segment Stone Wall x2 |
| 31:33 | R.S · wall_segment Stone Wall x7 |
| 31:38 | huanhong · age_up imperial |
| 31:53 | R.S · wall_segment Stone Wall x4 |
| 31:58 | R.S · wall_segment Stone Wall x3 |
| 32:02 | R.S · first_market_buy 100 stone |
| 32:05 | R.S · wall_segment Stone Wall x1 |
| 32:08 | R.S · wall_segment Stone Wall x1 |
| 32:21 | R.S · wall_segment Stone Wall x1 |
| 32:28 | R.S · wall_segment Stone Wall x4 |
| 32:30 | R.S · wall_segment Stone Wall x7 |
| 32:34 | huanhong · first_building Castle |
| 32:35 | BARBIE-SANTA-KLAUS · first_market_sell 100 food |
| 32:37 | R.S · wall_segment Stone Wall x4 |
| 32:57 | R.S · wall_segment Stone Wall x2 |
| 32:59 | sherochuan · first_market_buy 100 stone |
| 33:01 | xbeb687718 · wall_segment Stone Wall x1 |
| 33:03 | R.S · wall_segment Stone Wall x3 |
| 33:11 | R.S · wall_segment Stone Wall x6 |
| 33:12 | sherochuan · wall_segment Stone Wall x14 |
| 33:17 | sherochuan · age_up imperial |
| 33:21 | R.S · wall_segment Stone Wall x4 |
| 33:23 | GOD bless you · wall_segment Stone Wall x16 |
| 33:50 | chifeng0225 · wall_segment Stone Wall x7 |
| 34:18 | R.S · wall_segment Stone Wall x1 |
| 34:23 | R.S · wall_segment Stone Wall x8 |
| 34:27 | R.S · wall_segment Stone Wall x3 |
| 34:43 | R.S · wall_segment Stone Wall x11 |
| 34:58 | R.S · wall_segment Stone Wall x5 |
| 35:12 | R.S · wall_segment Stone Wall x5 |
| 35:15 | xbeb687718 · age_up imperial |
| 35:36 | R.S · wall_segment Stone Wall x1 |
| 35:41 | R.S · wall_segment Stone Wall x2 |
| 35:50 | R.S · wall_segment Stone Wall x1 |
| 35:53 | R.S · wall_segment Stone Wall x6 |
| 36:41 | BARBIE-SANTA-KLAUS · wall_segment Stone Wall x5 |
| 37:23 | sherochuan · wall_segment Stone Wall x4 |
| 37:25 | BARBIE-SANTA-KLAUS · wall_segment Stone Wall x4 |
| 37:50 | BARBIE-SANTA-KLAUS · wall_segment Stone Wall x13 |
| 37:56 | BARBIE-SANTA-KLAUS · wall_segment Stone Wall x8 |
| 38:35 | R.S · wall_segment Stone Wall x12 |
| 38:49 | 星馬烈 · wall_segment Stone Wall x14 |
| 39:09 | R.S · wall_segment Stone Wall x3 |
| 39:17 | huanhong · tribute_sent a jugador 1 |
| 39:17 | huanhong · tribute_sent a jugador 3 |
| 39:17 | huanhong · tribute_sent a jugador 4 |
| 39:17 | huanhong · tribute_sent a jugador 5 |
| 39:17 | huanhong · tribute_sent a jugador 6 |
| 39:17 | huanhong · tribute_sent a jugador 7 |
| 39:17 | huanhong · tribute_sent a jugador 8 |
| 39:21 | 星馬烈 · tribute_sent a jugador 1 |
| 39:21 | 星馬烈 · tribute_sent a jugador 2 |
| 39:21 | 星馬烈 · tribute_sent a jugador 4 |
| 39:21 | 星馬烈 · tribute_sent a jugador 5 |
| 39:21 | 星馬烈 · tribute_sent a jugador 6 |
| 39:21 | 星馬烈 · tribute_sent a jugador 7 |
| 39:21 | 星馬烈 · tribute_sent a jugador 8 |
| 39:25 | R.S · wall_segment Stone Wall x11 |
| 39:32 | sherochuan · wall_segment Stone Wall x1 |
| 40:04 | R.S · wall_segment Stone Wall x10 |
| 40:43 | R.S · wall_segment Stone Wall x11 |
| 40:45 | sherochuan · wall_segment Stone Wall x10 |
| 41:11 | xbeb687718 · wall_segment Palisade Wall x1 |
| 41:14 | xbeb687718 · wall_segment Palisade Wall x1 |
| 41:24 | R.S · wall_segment Stone Wall x10 |
| 41:37 | sherochuan · wall_segment Stone Wall x11 |
| 41:56 | 星馬烈 · wall_segment Stone Wall x1 |
| 42:29 | huanhong · wall_segment Stone Wall x11 |
| 42:34 | sherochuan · wall_segment Stone Wall x11 |
| 42:52 | BARBIE-SANTA-KLAUS · tribute_sent a jugador 1 |
| 42:52 | BARBIE-SANTA-KLAUS · tribute_sent a jugador 2 |
| 42:52 | BARBIE-SANTA-KLAUS · tribute_sent a jugador 3 |
| 42:52 | BARBIE-SANTA-KLAUS · tribute_sent a jugador 4 |
| 42:52 | BARBIE-SANTA-KLAUS · tribute_sent a jugador 6 |
| 42:52 | BARBIE-SANTA-KLAUS · tribute_sent a jugador 7 |
| 42:52 | BARBIE-SANTA-KLAUS · tribute_sent a jugador 8 |
| 43:06 | sherochuan · wall_segment Stone Wall x15 |
| 44:38 | R.S · wall_segment Stone Wall x1 |
| 45:32 | xbeb687718 · wall_segment Stone Wall x2 |
| 45:47 | xbeb687718 · wall_segment Stone Wall x6 |
| 45:51 | sherochuan · first_building Siege Workshop |
| 45:57 | sherochuan · wall_segment Stone Wall x1 |
| 46:19 | sherochuan · wall_segment Stone Wall x1 |
| 46:24 | BARBIE-SANTA-KLAUS · wall_segment Stone Wall x12 |
| 46:57 | sherochuan · wall_segment Stone Wall x6 |
| 47:23 | 星馬烈 · wall_segment Stone Wall x1 |
| 47:48 | sherochuan · wall_segment Stone Wall x1 |
| 47:50 | sherochuan · wall_segment Stone Wall x4 |
| 47:51 | chifeng0225 · first_building Monastery |
| 48:04 | sherochuan · wall_segment Stone Wall x4 |
| 48:29 | huanhong · first_market_sell 500 food |
| 48:51 | xbeb687718 · wall_segment Stone Wall x13 |
| 48:58 | sherochuan · wall_segment Stone Wall x1 |
| 49:00 | sherochuan · wall_segment Stone Wall x1 |
| 49:20 | R.S · wall_segment Stone Wall x5 |
| 49:57 | R.S · wall_segment Stone Wall x5 |
| 50:14 | sherochuan · tribute_sent a jugador 1 |
| 50:14 | sherochuan · tribute_sent a jugador 2 |
| 50:14 | sherochuan · tribute_sent a jugador 3 |
| 50:14 | sherochuan · tribute_sent a jugador 5 |
| 50:14 | sherochuan · tribute_sent a jugador 6 |
| 50:14 | sherochuan · tribute_sent a jugador 7 |
| 50:14 | sherochuan · tribute_sent a jugador 8 |
| 50:17 | R.S · wall_segment Stone Wall x3 |
| 50:27 | huanhong · tribute_sent a jugador 1 |
| 50:27 | huanhong · tribute_sent a jugador 3 |
| 50:27 | huanhong · tribute_sent a jugador 4 |
| 50:27 | huanhong · tribute_sent a jugador 5 |
| 50:27 | R.S · wall_segment Stone Wall x4 |
| 50:27 | huanhong · tribute_sent a jugador 6 |
| 50:27 | huanhong · tribute_sent a jugador 7 |
| 50:27 | huanhong · tribute_sent a jugador 8 |
| 50:30 | R.S · wall_segment Stone Wall x4 |
| 50:36 | R.S · wall_segment Stone Wall x1 |
| 50:40 | sherochuan · wall_segment Palisade Wall x1 |
| 50:49 | sherochuan · wall_segment Stone Wall x1 |
| 50:52 | xbeb687718 · first_building Barracks |
| 50:57 | huanhong · tribute_sent a jugador 1 |
| 50:57 | huanhong · tribute_sent a jugador 3 |
| 50:57 | huanhong · tribute_sent a jugador 4 |
| 50:57 | huanhong · tribute_sent a jugador 5 |
| 50:57 | huanhong · tribute_sent a jugador 6 |
| 50:57 | huanhong · tribute_sent a jugador 7 |
| 50:57 | huanhong · tribute_sent a jugador 8 |
| 51:03 | R.S · wall_segment Stone Wall x1 |
| 51:03 | sherochuan · wall_segment Stone Wall x1 |
| 51:08 | R.S · wall_segment Stone Wall x6 |
| 51:24 | R.S · wall_segment Stone Wall x1 |
| 51:26 | R.S · wall_segment Stone Wall x3 |
| 51:42 | R.S · wall_segment Stone Wall x9 |
| 51:57 | R.S · wall_segment Stone Wall x6 |
| 52:06 | R.S · wall_segment Stone Wall x1 |
| 52:22 | R.S · wall_segment Stone Wall x11 |
| 52:33 | R.S · wall_segment Stone Wall x3 |
| 52:56 | R.S · wall_segment Stone Wall x4 |
| 52:57 | BARBIE-SANTA-KLAUS · first_building Castle |
| 52:57 | R.S · wall_segment Stone Wall x4 |
| 53:16 | R.S · wall_segment Stone Wall x3 |
| 53:37 | R.S · wall_segment Stone Wall x6 |
| 53:45 | R.S · wall_segment Stone Wall x1 |
| 53:52 | R.S · wall_segment Stone Wall x1 |
| 53:59 | R.S · wall_segment Stone Wall x1 |
| 53:59 | R.S · wall_segment Stone Wall x1 |
| 54:02 | R.S · wall_segment Stone Wall x3 |
| 54:14 | R.S · wall_segment Stone Wall x2 |
| 54:18 | xbeb687718 · first_building Stable |
| 54:31 | R.S · wall_segment Stone Wall x3 |
| 54:34 | R.S · wall_segment Stone Wall x3 |
| 54:39 | R.S · wall_segment Stone Wall x6 |
| 54:43 | R.S · wall_segment Stone Wall x5 |
| 55:16 | R.S · wall_segment Stone Wall x6 |
| 55:20 | R.S · wall_segment Stone Wall x1 |
| 55:21 | R.S · wall_segment Stone Wall x4 |
| 56:26 | R.S · first_building Castle |
| 56:59 | R.S · wall_segment Stone Wall x4 |
| 57:02 | R.S · wall_segment Stone Wall x4 |
| 57:05 | R.S · wall_segment Stone Wall x4 |
| 57:20 | sherochuan · wall_segment Stone Wall x6 |
| 58:09 | GOD bless you · first_building Archery Range |
| 58:12 | sherochuan · wall_segment Stone Wall x1 |
| 58:14 | sherochuan · wall_segment Stone Wall x8 |
| 58:42 | R.S · wall_segment Stone Wall x10 |
| 59:19 | R.S · wall_segment Stone Wall x3 |
| 60:25 | sherochuan · wall_segment Stone Wall x7 |
| 60:57 | chifeng0225 · age_up imperial |
| 61:03 | R.S · wall_segment Stone Wall x4 |
| 61:36 | R.S · wall_segment Stone Wall x1 |
| 61:45 | R.S · wall_segment Stone Wall x1 |
| 61:48 | R.S · wall_segment Stone Wall x1 |
| 62:47 | R.S · wall_segment Stone Wall x5 |
| 62:48 | R.S · wall_segment Stone Wall x1 |
| 62:49 | R.S · wall_segment Stone Wall x1 |
| 62:59 | R.S · wall_segment Stone Wall x8 |
| 63:46 | R.S · wall_segment Stone Wall x1 |
| 64:28 | R.S · wall_segment Stone Wall x4 |
| 64:41 | R.S · wall_segment Stone Wall x4 |
| 65:03 | R.S · wall_segment Stone Wall x3 |
| 65:11 | R.S · wall_segment Stone Wall x1 |
| 68:40 | sherochuan · first_building Castle |
| 69:12 | R.S · wall_segment Stone Wall x7 |
| 70:18 | R.S · wall_segment Stone Wall x10 |
| 70:41 | R.S · wall_segment Stone Wall x10 |
| 71:03 | BARBIE-SANTA-KLAUS · wall_segment Stone Wall x8 |
| 71:22 | 星馬烈 · wall_segment Stone Wall x1 |
| 71:27 | 星馬烈 · wall_segment Stone Wall x1 |
| 71:53 | R.S · wall_segment Stone Wall x8 |
| 72:33 | GOD bless you · first_building Siege Workshop |
| 73:51 | 星馬烈 · resign |
[ AI ANALYSIS · 1 CREDIT ]
What really happened in this match?
Wolo.gg analyzes every decision: build order, eco, micro, common mistakes by bracket. Personalized analysis on WhatsApp or Discord in 30 seconds.
Civ guide
Burmese
Map guide
Black Forest
Perfil
星馬烈